 Dungeon Crawl Stone Soup version 0.31-a0-740-g87205ac768 (webtiles) character file.

Game seed: 7209631379136893368

3915 pokeman the Thaumaturge (level 10, -3/53 (56) HPs)
             Began as a Deep Elf Hedge Wizard on Sept 11, 2023.
             Was a Believer of Vehumet.
             Slain by Sonja
             ... wielding a +1 short sword of draining
              (4 damage)
             ... on level 10 of the Dungeon on Sept 12, 2023.
             The game lasted 00:19:18 (9144 turns).

pokeman the Thaumaturge (Deep Elf Hedge Wizard)     Turns: 9144, Time: 00:19:19

HP:   -3/53 (56)    AC:  4    Str:  7    XL:     10   Next: 1%
MP:   16/28         EV: 13    Int: 24    God:    Vehumet [**....]
Gold: 305           SH:  0    Dex: 14    Spells: 16/34 levels left

rFire   . . .        H - +2 whip (elec)
rCold   + + .        (no shield)
rNeg    . . .        b - +0 robe
rPois   +            r - +0 helmet
rElec   .            (no cloak)
rCorr   .            h - +0 pair of gloves of the Nexus {rPois rC+}
SInv    .            (no boots)
Will    +....        (no amulet)
Stlth   ++           m - +4 ring of slaying
HPRegen 0.28/turn    o - ring of protection from cold
MPRegen 0.21/turn

%: no passive effects
@: on blink cooldown, drained
A: no striking features
a: Renounce Religion


You were on level 10 of the Dungeon.
You worshipped Vehumet.
Vehumet was pleased with you.
You visited 2 branches of the dungeon, and saw 11 of its levels.

You collected 485 gold pieces.
You spent 180 gold pieces at shops.

Inventory:

Hand Weapons
 H - a +2 whip of electrocution (weapon)
Missiles
 p - 8 poisoned darts (quivered)
 I - 3 curare-tipped darts
Armour
 b - a +0 robe (worn)
 g - a +2 ring mail of cold resistance
 h - the +0 pair of gloves of the Nexus (worn) {rPois rC+}
   (You found it on level 5 of the Dungeon)

   rC+:       It protects you from cold.
   rPois:     It protects you from poison
 r - a +0 helmet (worn)
 D - the -2 pair of boots "Yjothut" {rElec rF+ Regen+ Int-5}
   (You bought it in a shop on level 4 of the Dungeon)

   Int-5:     It affects your intelligence (-5).
   rF+:       It protects you from fire.
   rElec:     It insulates you from electricity.
   Regen+:    It increases your rate of health regeneration.
 F - an orb of energy
 L - a scarf of shadows
Jewellery
 m - a +4 ring of slaying (left hand)
 o - a ring of protection from cold (right hand)
Wands
 z - a wand of flame (23)
 A - a wand of charming (10)
 J - a wand of polymorph (12)
 M - a wand of quicksilver (6)
Scrolls
 e - 3 scrolls of identify {unknown}
 n - 2 scrolls of amnesia {unknown}
 q - a scroll of fear {unknown}
 t - 2 scrolls of torment {unknown}
 u - 4 scrolls of blinking {unknown}
 v - 2 scrolls of enchant weapon {unknown}
 w - a scroll of immolation {unknown}
 x - a scroll of revelation {unknown}
 y - 4 scrolls of teleportation {unknown}
 B - a scroll of silence {unknown}
 E - a scroll of vulnerability {unknown}
 K - a scroll of fog {unknown}
Potions
 a - 2 potions of ambrosia {unknown}
 c - 4 potions of heal wounds {unknown}
 d - 4 potions of magic
 f - 2 potions of lignification {unknown}
 i - 3 potions of mutation {unknown}
 j - a potion of resistance {unknown}
 k - 4 potions of curing {unknown}
 l - 5 potions of attraction {unknown}
 s - a potion of degeneration {unknown}
 C - 3 potions of brilliance {unknown}
 G - a potion of invisibility {unknown}


   Skills:
 - Level 4.0 Fighting
 + Level 3.1 Armour
 - Level 3.0 Dodging
 - Level 3.1 Stealth
 * Level 12.8 Spellcasting
 + Level 7.2 Conjurations
 + Level 3.5 Summonings
 + Level 3.5 Necromancy
 - Level 1.1 Translocations
 - Level 1.0 Transmutations
 - Level 1.0 Fire Magic
 - Level 1.0 Air Magic
 - Level 1.0 Poison Magic
 - Level 1.0 Evocations


You had 16 spell levels left.
You knew the following spells:

 Your Spells              Type           Power      Damage    Failure   Level
a - Magic Dart            Conj           100%       1d8       1%          1
b - Mephitic Cloud        Conj/Pois/Air  30%        N/A       3%          3
c - Call Imp              Summ           64%        N/A       1%          2
d - Blink                 Tloc           40%        N/A       3%          2
e - Haunt                 Necr/Summ      16%        N/A       100%        7
f - Ignite Poison         Fire/Tmut/Pois 20%        N/A       8%          3

Your spell library contained the following spells:

 Spells                   Type           Power      Damage    Failure   Level
 Searing Ray              Conj           100%       2d8       1%          2
 Necrotise                Necr           100%       1d9       1%          1
 Summon Small Mammal      Summ           100%       N/A       1%          1
 Apportation              Tloc           40%        N/A       2%          1
 Cigotuvi's Dreadful Rot  Necr/Pois/Air  48%        N/A       2%          2
 Lesser Beckoning         Tloc           40%        N/A       3%          2
 Slow                     Hex            60%        N/A       4%          1
 Sticky Flame             Conj/Fire      35%        2d5       7%          4
 Gell's Gravitas          Tloc           20%        N/A       8%          3
 Teleport Other           Tloc           20%        N/A       8%          3
 Animate Dead             Necr           32%        N/A       9%          4
 Ignition                 Fire           10%        3d5       100%        8
 Infestation              Necr           16%        N/A       100%        8


Dungeon Overview and Level Annotations

Branches:
Dungeon (10/15)            Temple (1/1) D:6            Lair (0/5) D:10
    Orc: D:9-12

Altars:
Ashenzari
Cheibriados
Dithmenos
Elyvilon
Fedhas
Gozag
Hepliaklqana
Kikubaaqudgha
Makhleb
Nemelex Xobeh
Okawaru
Qazlal
Ru
Sif Muna
Trog
Uskayaw
Vehumet
Wu Jian
Xom
Yredelemnul
Zin
The Shining One

Shops:
D:1 [   D:4 [[   D:9 *

Annotations:
D:10 Erica, Sonja


Message History

An orc comes into view. It is wielding a +0 hand axe.
A wyvern and 2 orcs come into view.
Found 9 gold pieces and a potion of magic.
The orc shouts!
You hear an angry hiss.
A basilisk comes into view.
The death yak barely misses something.
The death yak gores something!!
Erica appears from thin air!
Reactivating autopickup.
Erica screams, "Die!"
Erica gestures wildly while chanting.
Erica flickers and vanishes!
Deactivating autopickup; reactivate with Ctrl-A.
As you open the door, it creaks loudly!
You hear a shout!
The wyvern hisses menacingly.
Found Ozocubu's Autobiography and 24 gold pieces.
Sonja, the Graceful Assassin comes into view.
She is wielding a +1 short sword of draining and quivering curare-tipped darts.
There is an open door here.
Casting: Mephitic Cloud (dangerous; 3% risk of failure)
Confirm with . or Enter, or press ? or * to list all spells.
You blink.
Found 5 gold pieces.
Sonja shouts!
Sonja hits you but does no damage.
You feel drained. Sonja closely misses you. x2
Sonja gestures wildly while chanting.
Sonja blinks!
Casting: Blink (safe; 3% risk of failure)
Confirm with . or Enter, or press ? or * to list all spells.
Aiming: Mephitic Cloud (dangerous; 3% risk of failure)
Press: ? - help, Shift-Dir - straight line, f - Sonja
Aim: Sonja, wielding a +1 short sword of draining and quivering curare-tipped darts (chance to affect: 72%)
The ball explodes into a vile cloud!
The stinking cloud engulfs Sonja but does no damage.
Sonja is engulfed in noxious fumes.
Sonja appears confused.
The orc closely misses you.
Sonja hits you with a +1 short sword of draining.
* * * LOW HITPOINT WARNING * * *
You feel drained.
* * * LOW HITPOINT WARNING * * *
Sonja hits you with a +1 short sword of draining.
You die...

########## ######
#....$....
.....###########.........
####..ol.oo.l.##.........
###..#####..'o...○....
#.....# ####@K○°○....
....l....# #..☼.○..$.
#.........$.# ..........
#..P..o...PP...####+#####
......l>.....$.
..............
.#..........!# ..#


You could see a basilisk, Sonja (confused) and 3 orcs.

Vanquished Creatures
  Jeremiah (D:6)
  Sigmund (D:5)
  A wyvern (D:8)
  2 yaks (D:10)
  A basilisk (D:10)
  A steam dragon (D:9)
  Edmund (D:5)
  Duvessa (D:7)
  3 orc warriors
  A sky beast (D:4)
  An ice beast (D:5)
  A black bear (D:6)
  A phantom (D:7)
  3 kobold brigands
  4 bullfrogs
  6 scorpions
  Dowan (D:7)
  A howler monkey (D:9)
  A jelly (D:8)
  2 hounds (D:5)
  7 orc priests
  A gnoll bouda (D:8)
  An iguana (D:5)
  A sleepcap (D:5)
  Terence (D:2)
  9 orc wizards
  10 gnolls
  10 adders
  A white imp (D:6)
  2 ufetubi
  A worm (D:4)
  A dart slug (D:5)
  25 orcs
  7 ball pythons
  9 endoplasms
  A giant cockroach (D:3)
  8 goblins
  7 hobgoblins
  2 jackals (D:1)
  18 kobolds
  4 quokkas
  3 bats
  3 frilled lizards
  7 rats
173 creatures vanquished.

Vanquished Creatures (collateral kills)
  An ogre (D:6)
  An orc (D:6)
  A ball python (D:4)
3 creatures vanquished.

Vanquished Creatures (others)
  An orc (D:8)
1 creature vanquished.

Grand Total: 177 creatures vanquished

Notes
Turn   | Place    | Note
-------+----------+-------------------------------------------
     0 | D:1      | pokeman the Deep Elf Hedge Wizard began the quest for the
                  | Orb.
     0 | D:1      | Reached XP level 1. HP: 10/10 MP: 7/7
   291 | D:1      | Reached XP level 2. HP: 15/15 MP: 3/9
   575 | D:1      | Found Omponio's Antique Armour Emporium.
  1076 | D:2      | Reached skill level 5 in Spellcasting
  1076 | D:2      | Reached XP level 3. HP: 16/20 MP: 3/11
  1080 | D:2      | Learned a level 3 spell: Mephitic Cloud
  1083 | D:2      | Learned a level 2 spell: Call Imp
  1086 | D:2      | Learned a level 2 spell: Blink
  1373 | D:2      | Noticed Terence
  1381 | D:2      | Killed Terence
  1382 | D:2      | Reached skill level 1 in Fighting
  1382 | D:2      | Reached skill level 1 in Armour
  1466 | D:2      | Reached XP level 4. HP: 25/25 MP: 11/13
  1811 | D:3      | Found a faded altar of an unknown god.
  2069 | D:3      | Found an iron altar of Okawaru.
  2301 | D:3      | Noticed a scorpion
  2305 | D:3      | Killed a scorpion
  2306 | D:3      | Reached skill level 6 in Spellcasting
  2306 | D:3      | Reached XP level 5. HP: 28/29 MP: 10/15
  2885 | D:4      | Reached skill level 1 in Air Magic
  2895 | D:4      | Reached skill level 1 in Poison Magic
  2895 | D:4      | Reached XP level 6. HP: 34/34 MP: 3/17
  2986 | D:4      | Found Seoc's Antique Armour Boutique.
  2995 | D:4      | You fall into a shaft and drop 3 floors!
  3053 | D:6      | Noticed an orc warrior
  3066 | D:6      | Killed an orc warrior
  3067 | D:6      | Reached skill level 7 in Spellcasting
  3233 | D:5      | Entered Level 5 of the Dungeon
  3294 | D:4      | Found Paluu's Antique Armour Shop.
  3481 | D:4      | Noticed a sky beast
  3499 | D:4      | Killed a sky beast
  3500 | D:4      | Reached skill level 8 in Spellcasting
  3500 | D:4      | Reached XP level 7. HP: 17/40 MP: 5/20
  3978 | D:5      | Noticed Edmund
  4058 | D:5      | Killed Edmund
  4401 | D:5      | Identified the +0 pair of gloves of the Nexus {rPois rC+}
  4445 | D:5      | Upgraded the game from 0.31-a0-728-g01b46875f1 to
                  | 0.31-a0-740-g87205ac768
  4465 | D:5      | Reached skill level 9 in Spellcasting
  4890 | D:5      | Reached XP level 8. HP: 42/44 MP: 18/23
  5062 | D:5      | Reached skill level 5 in Conjurations
  5095 | D:5      | Noticed Sigmund
  5107 | D:5      | Killed Sigmund
  5108 | D:5      | Reached skill level 10 in Spellcasting
  5523 | D:4      | Bought a pair of dazzling boots for 180 gold pieces
  5523 | D:4      | Identified the -2 pair of boots "Yjothut" {rElec rF+ Regen+
                  | Int-5} (You bought it in a shop on level 4 of the Dungeon)
  5639 | D:6      | Noticed Jeremiah
  5679 | D:6      | Killed Jeremiah
  5680 | D:6      | Reached skill level 11 in Spellcasting
  6060 | D:6      | Reached XP level 9. HP: 50/50 MP: 21/26
  6527 | D:6      | Found a staircase to the Ecumenical Temple.
  6540 | Temple   | Entered the Ecumenical Temple
  6563 | Temple   | Became a worshipper of Vehumet
  6595 | D:6      | Learned a level 7 spell: Haunt
  7001 | D:7      | Reached skill level 1 in Necromancy
  7001 | D:7      | Reached skill level 1 in Evocations
  7437 | D:7      | Noticed Duvessa
  7438 | D:7      | Noticed Dowan
  7446 | D:7      | Killed Duvessa
  7455 | D:7      | Killed Dowan
  7574 | D:8      | Reached skill level 12 in Spellcasting
  7784 | D:8      | Reached * piety under Vehumet
  7784 | D:8      | Offered knowledge of Shock by Vehumet.
  8311 | D:9      | HP: 1/52 [kobold brigand/+0 club (7)]
  8536 | D:9      | Learned a level 3 spell: Ignite Poison
  8748 | D:9      | Offered knowledge of Searing Ray by Vehumet.
  8754 | D:9      | Reached skill level 1 in Transmutations
  8754 | D:9      | Reached skill level 1 in Fire Magic
  8886 | D:9      | Found Zin's Purification Station.
  8887 | D:9      | Found a glowing silver altar of Zin.
  9084 | D:10     | Entered Level 10 of the Dungeon
  9100 | D:10     | Reached ** piety under Vehumet
  9103 | D:10     | Noticed Erica
  9110 | D:10     | Reached XP level 10. HP: 17/56 MP: 23/28
  9110 | D:10     | Noticed a death yak
  9114 | D:10     | HP: 2/56 [something (6)]
  9130 | D:10     | Found a staircase to the Lair.
  9141 | D:10     | Noticed Sonja
  9144 | D:10     | HP: 1/53 [Sonja/+1 short sword of draining (3)]
  9144 | D:10     | Slain by Sonja

Illustrated notes

Levels and vault maps discovered:
D:1:      scummos_arrival_checkerplants, layout_loops_ring, serial_shops,
          nicolae_shop_tiny_real_fake_doors
D:2:      layout_rooms, uniq_terence
D:3:      layout_basic, mainiacjoe_overflow_catwalk,
          shapermc_ecumenical_altar_gd, kennysheep_donut, nicolae_the_louvre
D:4:      layout_loops_ring, serial_shops, shop, nicolae_shop_real_fake_doors,
          st_stairs_2
D:5:      layout_loops_ring, serial_co_window_serial, co_window_paths_a,
          co_window_paths_a, co_window_corner_a, co_window_paths_b,
          co_window_paths_b, co_window_paths_a, co_window_paths_a,
          co_window_corner_ca, co_window_corner_b, co_window_broadway_a,
          glass_columns_c, glass_columns_a, glass_columns_c, glass_columns_b,
          kennysheep_big_empty_room, serial_bayou_crossing, uniq_sigmund,
          uniq_edmund
D:6:      layout_basic, minmay_temple_entry_offerings, uniq_jeremiah
D:7:      layout_cave_pods, minmay_fountain_box, uniq_duvessa
D:8:      layout_rooms
D:9:      layout_rooms, zin_purify, minivault_19
D:10:     layout_roguey, david_lair_generic, uniq_sonja, uniq_erica
Temple:   mainiacjoe_temple_big_plus

Skill      XL: |  1  2  3  4  5  6  7  8  9 |
---------------+----------------------------+-----
Spellcasting   | 5 6 8 9 11 12 | 12.8
Fighting       | 1 2 3 4 |  4.0
Armour         | 1 2 3 |  3.1
Conjurations   | 2 3 4 6 7 |  7.2
Dodging        | 3 |  3.0
Stealth        | 3 |  3.1
Air Magic      | 1 |  1.0
Poison Magic   | 1 |  1.0
Necromancy     | 3 |  3.5
Evocations     | 1 |  1.0
Summonings     | 3 |  3.5
Transmutations | 1 |  1.0
Fire Magic     | 1 |  1.0
Translocations | |  1.1

Action                     |  1- 3 |  4- 6 |  7- 9 | 10-12 || total
---------------------------+-------+-------+-------+-------++-------
  Melee: Flail             |    11 |    18 |    72 |       ||   101
         Punch             |       |       |     4 |       ||     4
         Trident           |       |       |    32 |       ||    32
         Whip              |       |       |    62 |     1 ||    63
  Throw: Dart              |       |     2 |    15 |       ||    17
   Cast: Magic Dart        |    63 |    88 |   179 |       ||   330
         Mephitic Cloud    |     1 |     8 |    47 |     4 ||    60
         Call Imp          |       |     1 |     5 |       ||     6
         Blink             |       |       |       |     1 ||     1
   Stab: Sleeping          |     1 |       |       |       ||     1
         Confused          |     1 |     3 |    24 |       ||    28
 Armour: Robe              |     8 |    15 |   104 |     5 ||   132
  Dodge: Dodged            |    14 |    23 |   111 |     4 ||   152

Table legend: (Time is in decaauts)
 A = Elapsed time spent in this place.
 B = Non-inter-level travel time spent in this place.
 C = Inter-level travel time spent in this place.
 D = Time resting spent in this place.
 E = Time spent auto-exploring this place.
 F = Levels seen in this place.
 G = Mean time per level.
                   A        B        C        D        E       F      G
               +--------+--------+--------+--------+--------+-----+--------+
         Total |   9202 |   8889 |    313 |    334 |   7224 |  11 |  836.5 |
       Dungeon |   9156 |   8886 |    270 |    334 |   7224 |  10 |  915.6 |
        Temple |     45 |      2 |     43 |      0 |      0 |   1 |   45.0 |
               +--------+--------+--------+--------+--------+-----+--------+

Top non-repeatable levels by time:
     D:5: 1606 daAuts
     D:6: 1217 daAuts
     D:3: 1126 daAuts
     D:1: 1055 daAuts
     D:7: 959 daAuts
     D:8: 914 daAuts
     D:4: 848 daAuts
     D:2: 735 daAuts
     D:9: 633 daAuts
    D:10: 61 daAuts
  Temple: 45 daAuts
